 Dungeon Crawl Stone Soup version 0.30-a0-141-g30f27751c5 (webtiles) character file.

Game seed: 12626475539095790791

455 qw the Chopper (level 7, -13/43 HPs)
             Began as a Gargoyle Fighter on Sept 25, 2022.
             Killed by divine providence
             ... invoked by an orc priest
              (15 damage)
             ... on level 5 of the Dungeon.
             The game lasted 00:01:30 (4446 turns).

qw the Chopper (Gargoyle Fighter)                   Turns: 4446, Time: 00:01:31

Health: -13/43     AC: 17    Str: 21    XL:     7   Next: 5%
Magic:  7/7        EV:  5    Int:  9    God:
Gold:   171        SH:  4    Dex:  9    Spells: 6/6 levels left

rFire   . . .      SeeInvis .    Y - +0 war axe
rCold   . . .      Faith    .    c - +0 buckler
rNeg    + . .      Spirit   .    a - +0 plate armour
rPois   inf        Reflect  .    b - +0 helmet
rElec   +          Harm     .    (no cloak)
rCorr   .          Rampage  .    (no gloves)
Will    .....                    (no boots)
Stlth   ..........               (no amulet)
HPRegen 0.14/turn                (no ring)
MPRegen 0.10/turn                (no ring)

@: no status effects
A: sickness immunity, AC +4, negative energy resistance 1, electricity
resistance, torment resistance 1, petrification resistance
a: no special abilities


You were on level 5 of the Dungeon.
You visited 1 branch of the dungeon, and saw 5 of its levels.

You collected 171 gold pieces.


Innate Abilities, Weirdness & Mutations

You are immune to sickness and miasma.
Your stone body is resilient. (AC +4)
You are immune to poison.
You resist negative energy. (rN+)
You are resistant to electric shocks. (rElec)
You are resistant to unholy torment.
You are immune to petrification.


   Skills:
 - Level 4.0 Fighting
 + Level 6.1 Axes
 - Level 4.0 Armour
 - Level 3.2 Shields


You had 6 spell levels left.
You didn't know any spells.
Your spell library was empty.

Inventory:

Hand Weapons
 j - a +0 whip
 Y - a +0 war axe (weapon)
Missiles
 k - 3 boomerangs (quivered)
Armour
 a - a +0 plate armour (worn)
 b - a +0 helmet (worn)
 c - a +0 buckler (worn)
Scrolls
 i - a scroll of identify
Potions
 d - a potion of might
 e - a potion of curing {unknown}
 f - a potion of mutation {unknown}
 g - a potion of cancellation {unknown}

Dungeon Overview and Level Annotations

Branches:
Dungeon (5/15)
 Temple: D:4-7

Altars:
Ashenzari
Cheibriados

Shops:
D:1 :   D:2 (


Message History

You kill the orc!
You closely miss the orc priest.
The orc priest hits you with a +0 flail.
A gnoll comes into view. It is wielding a +0 spear.
The orc priest looks encouraged for a moment.
An orc priest comes into view. It is wielding a +0 hand axe.
You slash the orc priest!
The orc priest is heavily wounded.
You block the orc priest's attack.
The orc priest looks satisfied for a moment.
You hit the orc priest.
The orc priest is severely wounded.
You hit the orc. The orc barely misses you.
The orc priest mumbles some strange prayers to Beogh against you.
Beogh smites you!
You hear a shout!
You closely miss the orc priest.
The orc priest is severely wounded.
You barely miss the orc.
The orc wizard gestures at you while chanting.
The puff of flame hits you. The orc hits you but does no damage.
The orc priest mumbles some strange prayers to Beogh against you.
You barely resist. You slash the orc priest!
You kill the orc priest!
You hit the orc but do no damage.
The orc wizard points at you and mumbles some strange words.
The puff of flame misses you. The orc hits you but does no damage.
The orc wizard points at you and mumbles some strange words.
The magic dart hits you. You block the orc's attack.
An orc priest comes into view. It is wielding a +0 club.
Your Armour skill increases to level 4!
You have reached level 7!
You barely miss the orc.
The orc is heavily wounded.
The gnoll hits you from afar with a +0 spear.
The orc completely misses you.
The orc priest mumbles some strange prayers to Beogh against you.
Beogh smites you!
You die...

##########
####.>......#
#............
#....))g.....
#....@.ooo...
#.<...o.o...o
#..........##
#...#<..####
###...###
..### .### ##


You could see 2 orc priests, 2 orc wizards, a gnoll and 2 orcs.

Vanquished Creatures
  An ogre (D:4)
  3 orc priests
  3 hounds
  2 iguanas (D:4)
  An adder (D:2)
  3 gnolls (D:4)
  An ufetubus (D:4)
  2 worms
  2 dart slugs
  10 orcs
  11 endoplasms
  2 giant cockroaches
  5 goblins
  5 hobgoblins
  4 jackals (D:3)
  7 kobolds
  4 quokkas
  8 ball pythons
  10 bats
  8 rats
92 creatures vanquished.

Notes
Turn   | Place    | Note
-------+----------+-------------------------------------------
     0 | D:1      | qw the Gargoyle Fighter began the quest for the Orb.
     0 | D:1      | Reached XP level 1. HP: 14/14 MP: 1/1
     0 | D:1      | 0 ||| qw: Version: 0.2-a-10-g399e6c4
     0 | D:1      | 0 ||| qw: Game counter: 267
     0 | D:1      | 0 ||| qw: Always use a shield: true
     0 | D:1      | 0 ||| qw: God list: Okawaru
     0 | D:1      | 0 ||| qw: Allow faded altars: false
     0 | D:1      | 0 ||| qw: Do Orc after D:15 true
     0 | D:1      | 0 ||| qw: Do second Lair branch before Depths: true
     0 | D:1      | 0 ||| qw: Lair rune preference: random
     0 | D:1      | 0 ||| qw: Plans: Normal, Zot:1-4, God:TSO, Crypt, Tomb,
                  | Pan, Slime:5, Hells, Abyss, Orb
     0 | D:1      | 0 ||| PLANNING D:1-11
    62 | D:1      | Reached skill level 2 in Axes
   423 | D:1      | 423 ||| Stepping ~*~*~tactically~*~*~ (stealth).
   426 | D:1      | Reached XP level 2. HP: 19/19 MP: 2/2
   675 | D:1      | Found Duckag's Book Shop.
   738 | D:1      | Reached skill level 3 in Axes
   839 | D:1      | Reached XP level 3. HP: 17/23 MP: 3/3
  1008 | D:1      | Found a faded altar of an unknown god.
  1121 | D:1      | 1121 ||| UPGRADING to +0 chain mail.
  1131 | D:1      | 1131 ||| DROPPING +0 scale mail.
  1132 | D:1      | 1132 ||| READING 2 scrolls labelled EVUSOL FA TUA.
  1133 | D:1      | 1133 ||| READING scroll labelled AGASIE LOEFOAGG.
  1134 | D:1      | 1134 ||| READING 3 scrolls labelled CIFOES UQOJAQI.
  1135 | D:1      | 1135 ||| DRINKING 2 blue potions.
  1136 | D:1      | 1136 ||| DRINKING 2 bubbling clear potions.
  1137 | D:1      | 1137 ||| DROPPING scroll of poison.
  1138 | D:1      | 1138 ||| DROPPING potion of flight.
  1139 | D:1      | 1139 ||| DROPPING 2 scrolls of immolation.
  1302 | D:2      | Reached XP level 4. HP: 23/28 MP: 4/4
  1430 | D:2      | 1430 ||| Stepping ~*~*~tactically~*~*~ (hiding).
  1436 | D:2      | 1436 ||| FLEEEEING.
  1437 | D:2      | 1437 ||| FLEEEEING.
  1438 | D:2      | 1438 ||| FLEEEEING.
  1439 | D:2      | 1439 ||| FLEEEEING.
  1463 | D:2      | 1463 ||| Stepping ~*~*~tactically~*~*~ (stealth).
  1464 | D:2      | 1464 ||| Stepping ~*~*~tactically~*~*~ (stealth).
  1600 | D:2      | Found Xeak's Antique Weapon Shoppe.
  1609 | D:2      | 1609 ||| SHOPLISTING glowing demon whip (522 gold, have
                  | 92).
  1609 | D:2      | 1609 ||| SHOPLISTING glowing whip (159 gold, have 92).
  1684 | D:2      | Reached skill level 4 in Axes
  1796 | D:2      | 1796 ||| DROPPING orb of energy.
  1797 | D:2      | 1797 ||| UPGRADING to +0 helmet.
  1802 | D:2      | 1802 ||| READING scroll labelled VAVVIE GEGARA.
  1818 | D:3      | 1818 ||| STAIRDANCE
  2063 | D:3      | 2063 ||| Stepping ~*~*~tactically~*~*~ (stealth).
  2067 | D:3      | 2067 ||| Stepping ~*~*~tactically~*~*~ (stealth).
  2082 | D:3      | 2082 ||| Stepping ~*~*~tactically~*~*~ (hiding).
  2091 | D:3      | HP: 7/28 [orc priest/divine providence (15)]
  2092 | D:3      | 2092 ||| DRINKING potion of heal wounds.
  2098 | D:3      | Reached XP level 5. HP: 19/32 MP: 5/5
  2130 | D:3      | 2130 ||| Stepping ~*~*~tactically~*~*~ (stealth).
  2379 | D:3      | Reached skill level 5 in Axes
  2916 | D:3      | 2916 ||| UPGRADING to +0 plate armour.
  2926 | D:3      | 2926 ||| DROPPING +0 chain mail.
  3272 | D:4      | Reached XP level 6. HP: 31/38 MP: 6/6
  3330 | D:4      | 3330 ||| Stepping ~*~*~tactically~*~*~ (stealth).
  3332 | D:4      | 3332 ||| Stepping ~*~*~tactically~*~*~ (hiding).
  3359 | D:4      | HP: 8/38 [ogre/+0 giant spiked club (30)]
  3360 | D:4      | 3360 ||| READING scroll of teleportation.
  3750 | D:4      | Found a snail-covered altar of Cheibriados.
  3780 | D:4      | Found a broken altar of Ashenzari.
  3978 | D:4      | Reached skill level 6 in Axes
  4215 | D:4      | 4215 ||| READING scroll labelled IVENTE UNIB.
  4265 | D:5      | Entered Level 5 of the Dungeon
  4266 | D:5      | 4266 ||| PLANNING SEWER
  4272 | D:5      | 4272 ||| STAIRDANCE
  4444 | D:5      | HP: 6/38 [orc wizard/puff of flame (5)]
  4446 | D:5      | Reached XP level 7. HP: 4/43 MP: 7/7
  4446 | D:5      | HP: 2/43 [gnoll/+0 spear (2)]
  4446 | D:5      | Killed from afar by an orc priest

Levels and vault maps discovered:
D:1:      dpeg_arrival_pond, layout_loops_cross,
          shapermc_ecumenical_altar_hornbeckon, serial_shops,
          nicolae_lakefront_shop
D:2:      layout_rooms, serial_shops, nicolae_shop_trees, minmay_pentomino_q2
D:3:      layout_basic
D:4:      layout_loops_cross, mainiacjoe_overflow_two_lobes
D:5:      layout_cave_pods, gup_sewer_entry_spiral,
          amcnicky_altar_lugonu_corruption

Skill      XL: |  1  2  3  4  5  6 |
---------------+-------------------+-----
Axes           | 2 3 4 5 6 |  6.1
Fighting       | 4 |  4.0
Armour         | 4 |  4.0
Shields        | |  3.2

Action                   |  1- 3 |  4- 6 |  7- 9 || total
-------------------------+-------+-------+-------++-------
Melee: War axe           |   102 |   191 |     1 ||   294
Throw: Boomerang         |       |    60 |       ||    60
  Use: Scroll            |     3 |     3 |       ||     6
       Potion            |     2 |     1 |       ||     3
Armor: Scale mail        |    57 |       |       ||    57
       Chain mail        |    13 |    63 |       ||    76
       Plate armour      |       |    55 |       ||    55
Dodge: Dodged            |    49 |    60 |     1 ||   110
Block: Buckler           |    18 |    46 |       ||    64

Table legend:
 A = Non-vault XP
 B = Vault XP
 C = Vault XP percentage of total XP
 D = Non-vault monster count
 E = Vault monster count
 F = Vault count percentage of total count
                 A         B        C        D         E       F
            +---------+---------+-------+---------+---------+-------
      Total |     637 |      14 |   2.2 |      91 |       1 |   1.1
            +---------+---------+-------+---------+---------+-------
        D:1 |      41 |       0 |   0.0 |      26 |       0 |   0.0
        D:2 |      60 |      14 |  18.9 |      10 |       1 |   9.1
        D:3 |     134 |       0 |   0.0 |      26 |       0 |   0.0
        D:4 |     353 |       0 |   0.0 |      26 |       0 |   0.0
        D:5 |      49 |       0 |   0.0 |       3 |       0 |   0.0
            +---------+---------+-------+---------+---------+-------
